AoeStats
← Msp

African Clearing

504592769Analyzed
4v4 RM · 27d ago on Sep 5, 2026· 47m 45s· 8 players
Game mode
Random Map
Map size
Large (8 player)
Population
200
Speed
Normal
Resources
Standard
Victory
Conquest
Starting age
Dark Age
Ending age
Imperial Age
RankedLock teamsTeams togetherTeam positionsShared explorationLock speedFull tech treeHidden civsTurbo modeCheats
Victory
Defeat
🇧🇪 Koreans · Belgium
1617
+14
🇩🇪 Mongols · Germany
1576
+16
🇺🇸 Poles · United States
1555
+17
🇩🇪 Magyars · Germany
1507
+19
🇲🇦 Berbers · Morocco
1725
-23
🇫🇷 Vietnamese · France
1541
-15
🇫🇷 Mongols · France
1536
-15
🇫🇷 Persians · France
1497
-13
Matzeking
8:27 Loom
12:40 Feudal Age
16:51 Castle Age
14:53 Double-Bit Axe
14:49 Horse Collar
18:01 Bow Saw
20:26 Fletching
21:15 Bodkin Arrow
21:56 Town Watch
24:13 Wheelbarrow
23:32 Stone Mining
26:16 Padded Archer Armor
27:22 Husbandry
27:33 Bloodlines
27:40 Gold Mining
28:46 Ballistics
28:54 Thumb Ring
32:16 Leather Archer Armor
36:07 Imperial Age
34:45 Hand Cart
35:13 Stone Shaft Mining
35:00 Heavy Plow
36:53 Bracer
38:21 Chemistry
36:43 Elite Mangudai
38:17 Scale Barding Armor
38:39 Parthian Tactics
39:30 Conscription
39:19 Heavy Camel Rider
40:36 Chain Barding Armor
41:28 Gold Shaft Mining
40:49 Light Cavalry
44:46 Hoardings
44:23 Forging
44:24 Masonry
44:40 Hussar
46:09 Siege Engineers
46:37 Fortified Wall
46:25 Murder Holes
danntheman
9:14 Loom
12:09 Feudal Age
12:38 Double-Bit Axe
17:44 Horse Collar
23:04 Castle Age
21:25 Fletching
21:55 Padded Archer Armor
22:24 Bloodlines
24:13 Wheelbarrow
23:11 Elite Skirmisher
23:49 Bodkin Arrow
26:49 Husbandry
30:19 Gold Mining
37:09 Ballistics
42:23 Imperial Age
40:32 Leather Archer Armor
40:45 Scale Barding Armor
40:27 Treadmill Crane
41:45 Thumb Ring
43:06 Bow Saw
43:10 Bracer
43:48 Ring Archer Armor
43:54 Hand Cart
45:05 Conscription
44:57 Stone Mining
45:56 Parthian Tactics
47:22 Chemistry
47:05 Recurve Bow
46:41 Light Cavalry
Malice
7:26 Loom
13:44 Feudal Age
14:13 Double-Bit Axe
15:30 Fletching
20:21 Wheelbarrow
23:35 Castle Age
23:20 Horse Collar
23:39 Crossbowman
24:39 Bodkin Arrow
36:29 Town Watch
36:59 Bow Saw
37:58 Ballistics
38:35 Squires
38:21 Gambesons
44:22 Imperial Age
42:36 Scale Mail Armor
44:05 Forging
44:09 Pikeman
46:38 Chain Mail Armor
48:06 Plate Mail Armor
_LZ_
13:53 Feudal Age
18:21 Castle Age
16:29 Double-Bit Axe
16:26 Horse Collar
19:16 Bow Saw
20:34 Loom
21:30 Heavy Plow
29:24 Gold Mining
30:17 Wheelbarrow
30:32 Bloodlines
30:23 Husbandry
30:28 Scale Barding Armor
30:24 Scale Mail Armor
30:37 Forging
31:11 Szlachta Privileges
33:12 Chain Barding Armor
37:25 Iron Casting
AOKI_Shogi
10:54 Loom
13:05 Feudal Age
13:32 Town Watch
13:57 Double-Bit Axe
16:49 Castle Age
15:28 Scale Barding Armor
16:59 Bloodlines
23:10 Forging
27:04 Wheelbarrow
27:18 Chain Barding Armor
28:10 Iron Casting
28:31 Husbandry
32:50 Hand Cart
32:48 Fletching
45:13 Bodkin Arrow
Msp
9:31 Loom
14:22 Feudal Age
18:20 Castle Age
16:56 Double-Bit Axe
18:20 Scale Barding Armor
27:56 Chain Barding Armor
29:08 Horse Collar
30:54 Forging
32:06 Wheelbarrow
33:35 Hand Cart
33:27 Heavy Plow
34:33 Bloodlines
34:18 Gold Mining
34:19 Stone Mining
35:01 Husbandry
40:31 Imperial Age
39:04 Iron Casting
40:39 Bow Saw
41:27 Plate Barding Armor
40:16 Cavalier
41:29 Town Watch
42:50 Blast Furnace
43:01 Two-Man Saw
44:03 Gold Shaft Mining
45:03 Crop Rotation
45:05 Fletching
44:52 Savar
47:17 Bodkin Arrow
atchoubaka
4:26 Loom
15:38 Feudal Age
26:06 Castle Age
25:37 Fletching
26:20 Elite Skirmisher
27:10 Forging
38:58 Bodkin Arrow
42:39 Padded Archer Armor
46:59 Imperial Age
45:35 Wheelbarrow
45:43 Double-Bit Axe
45:47 Horse Collar
47:03 Bow Saw
47:40 Heavy Plow
Skrillll
6:00 Loom
13:54 Feudal Age
14:11 Feudal Age
18:21 Castle Age
17:35 Double-Bit Axe
19:21 Bow Saw
20:44 Fishing Lines
22:43 Fletching
28:12 Bodkin Arrow
29:50 Wheelbarrow
29:45 Town Watch
30:18 Bloodlines
30:03 Gold Mining
30:21 Padded Archer Armor
31:29 Leather Archer Armor
32:24 Husbandry
35:28 Ballistics
35:03 Horse Collar
36:57 Thumb Ring
39:01 Gold Shaft Mining
38:17 Stone Mining
38:33 Heavy Plow
39:51 Hand Cart
41:55 Kasbah
46:01 Imperial Age
47:12 Bracer
Connection lost

Rejoining the realm…

Still unreachable

The connection could not be restored.

Session expired

The server has moved on; the page needs a fresh start.